 Dungeon Crawl Stone Soup version 0.16.2-12-gd0ad4c3 (webtiles) character file.

73574 Gartch the Imperceptible (level 15, -11/79 HPs)
             Began as a Spriggan Enchanter on Oct 11, 2015.
             Was an Initiate of Gozag.
             Killed from afar by a deep elf mage (23 damage)
             ... with a stone arrow
             ... on level 1 of the Elven Halls on Oct 20, 2015.
             The game lasted 09:17:56 (46370 turns).

Gartch the Imperceptible (Spriggan Enchanter)      Turns: 46370, Time: 09:17:56

Health: -11/79     AC:  4    Str:  2    XL:     15   Next: 4%
Magic:  21/35      EV: 32    Int: 22    God:    Gozag
Gold:   8728       SH:  0    Dex: 18    Spells: 8 memorised, 11 levels left

rFire  . . .     SeeInvis +     a - +2 dagger
rCold  . . .     Clarity  .     n - +2 robe
rNeg   + . .     SustAb   .     (shield restricted)
rPois  .         Gourm    .     (helmet restricted)
rElec  .         Spirit   .     (no cloak)
rCorr  .         Warding  .     (gloves unavailable)
rMut   .         Stasis   .     (boots unavailable)
MR     ++...                    (no amulet)
Stlth  ++++++++++               E - ring of stealth
                                e - ring of positive energy

@: very slightly contaminated, very quick, very resistant to hostile
enchantments, uncannily stealthy
A: unfitting armour, see invisible, herbivore 3, speed 3, slow metabolism 2,
weak 1
a: Potion Petition, Call Merchant, Bribe Branch, Renounce Religion


You were on level 1 of the Elven Halls.
You worshipped Gozag.
Gozag was noncommittal.
You were not hungry.

You visited 5 branches of the dungeon, and saw 25 of its levels.
You also visited: Ossuary.

You collected 8929 gold pieces.
You spent 65 gold pieces at shops.
You paid 136 gold pieces to Gozag.

Inventory:

Hand weapons
 a - a +2 dagger (weapon)
 d - a cursed -1 blowgun
 j - a +0 dagger
 S - a +0 quarterstaff
 W - a cursed -1 hand crossbow
Missiles
 v - 5 needles of confusion
 Y - 14 arrows of frost
Armour
 b - a +2 robe
 n - a +2 robe (worn)
Jewellery
 e - a ring of positive energy (left hand)
 s - a +2 ring of intelligence
 D - an uncursed ring of poison resistance
 E - a ring of stealth (right hand)
 F - a +6 ring of strength
 V - an uncursed ring of flight
Magical devices
 f - a wand of fire (9)
 K - a wand of heal wounds (3)
 L - a wand of cold (11)
Scrolls
 p - 2 scrolls of identify
 x - 3 scrolls of teleportation
 O - 2 scrolls of fog
 Q - 9 scrolls of remove curse
 T - 2 scrolls of fear
Potions
 g - a potion of magic
 k - a potion of restore abilities {unknown}
 l - 4 potions of berserk rage
 m - 8 potions of curing
 o - 2 potions of might
 q - 2 potions of resistance
 z - 5 potions of agility
 G - 3 potions of brilliance
 M - 2 potions of invisibility
 Z - a potion of cure mutation {unknown}
Miscellaneous
 c - a plain deck of escape
 h - a legendary deck of summoning
 C - a plain deck of changes
Comestibles
 i - 3 bread rations
 I - 2 royal jellies


   Skills:
 - Level 9.0 Fighting
 - Level 10.0 Short Blades
 - Level 16.0 Dodging
 - Level 23.1 Stealth
 - Level 9.0 Spellcasting
 - Level 11.0 Hexes
 - Level 3.4 Translocations
 + Level 0.0 Poison Magic


You had 11 spell levels left.
You knew the following spells:

 Your Spells              Type           Power        Failure   Level  Hunger
a - Blink                 Tloc           N/A          2%          2    None
b - Ensorcelled Hibernat  Hex/Ice        ####..       1%          2    None
c - Confuse               Hex            ######..     1%          3    None
d - Dazzling Spray        Conj/Hex       ####....     1%          3    None
e - Tukima's Dance        Hex            ######..     1%          3    None
f - Shroud of Golubria    Chrm/Tloc      ###.......   8%          2    None
g - Mephitic Cloud        Conj/Pois/Air  #.......     21%         3    None
h - Conjure Flame         Conj/Fire      #.......     21%         3    None


Dungeon Overview and Level Annotations

Branches:
Dungeon (11/15)            Temple (1/1) D:5            Lair (8/8) D:10
  Swamp (0/5) Lair:6       Shoals (0/5) Lair:3        Snake (0/5) Lair:5
  Slime (0/6) Lair:6          Orc (4/4) D:9             Elf (1/3) Orc:3

Altars:
Ashenzari
Cheibriados
Elyvilon
Gozag
Kikubaaqudgha
Nemelex Xobeh
Okawaru
Qazlal
Sif Muna
Trog
Xom
Yredelemnul
Beogh
Jiyva

Shops:
D:5 !!(   D:6 *   D:7 %   Orc:4 (   Elf:1 :

Annotations:
D:3 Grinder
Lair:1 Fannar
Orc:4 Saint Roka


Innate Abilities, Weirdness & Mutations

You are tiny and cannot use many weapons and most armour.
You have supernaturally acute eyesight.
You are a herbivore.
You cover ground extremely quickly.
You need consume almost no food.
You are weak. (Str -2)


Message History

Your life force is offered up.
* * * LOW HITPOINT WARNING * * *
The deep elf knight is healed.
The deep elf priest is healed.
The deep elf fighter is healed.
Your surroundings suddenly seem different.
A deep elf fighter comes into view. It is wielding a mace.
The deep elf fighter shouts!
A deep elf mage comes into view. It is wielding a long sword of slicing.
The deep elf mage shouts!
A deep elf priest comes into view. It is wielding a long sword.
The deep elf priest shouts!
You hear a shout!
The deep elf fighter closely misses you.
Save game and exit?
Welcome back, Gartch the Spriggan Enchanter.
Gozag says: Greed is good.
Press ? for a list of commands and other information.
The deep elf mage casts a spell at you. The stone arrow hits you!
You die...
Your body crumbles into a pile of gold.

# .### ...#.
...#.# ....'
.... ''#
.'..######e.#
.'......@.e.#
###.....e..##
##########


You could see a deep elf priest, a deep elf fighter and a deep elf mage.

Vanquished Creatures
  A dire elephant (Lair:7)
  A fire dragon (Lair:8)
  5 hydras
  2 catoblepae
  5 death yaks
  2 orc high priests (Orc:4)
  3 deep elf knights (Elf:1)
  A fire crab (Lair:8)
  A deep elf summoner (Elf:1)
  A lindwurm (Lair:8)
  5 orc sorcerers
  3 manticores
  An oklob plant (Lair:5)
  4 griffons
  2 black mambas
  2 orc knights
  22 elephants
  2 torpor snails
  19 spiny frogs
  17 komodo dragons
  4 fire drakes
  A deep elf priest (Elf:1)
  A troll (D:10)
  A giant leech (Lair:5)
  Prince Ribbit (D:8)
  6 blink frogs (Lair:5)
  2 boulder beetles
  A deep elf mage (Elf:1)
  5 basilisks
  2 wyverns
  A hungry ghost (D:10)
  73 yaks
  9 hippogriffs
  3 wargs
  A deep elf fighter (Elf:1)
  12 wolves
  A naga (Lair:5)
  3 sky beasts
  18 water moccasins
  38 orc warriors
  4 mottled dragons (Lair:8)
  11 porcupines
  A black bear (D:4)
  4 ice beasts
  A swamp drake (Lair:8)
  10 ogres
  A phantom (D:5)
  2 centaurs
  A necrophage (D:8)
  18 crocodiles
  2 boring beetles (Lair:7)
  An elf zombie (D:6)
  21 giant frogs
  A wyvern zombie (D:9)
  3 scorpions
  A wyvern skeleton (D:8)
  3 wights (D:6)
  6 killer bees (D:7)
  2 goliath beetles
  5 electric eels
  4 crimson imps
  A centaur zombie (D:5)
  19 hounds
  2 gnoll shamans (D:4)
  24 orc priests
  2 centaur skeletons
  2 jellies (D:9)
  A quasit (D:10)
  A human skeleton (D:6)
  8 worker ants
  27 orc wizards
  8 iguanas
  15 sheep
  Ijyb (D:7)
  2 hound zombies
  3 mummies (Ossuary)
  A hound skeleton (D:9)
  A worker ant zombie (D:9)
  39 gnolls
  23 adders
  53 river rats
  5 shadow imps
  2 worms
  2 adder skeletons
  2 adder zombies
  5 giant geckos
  156 orcs
  A bat skeleton (D:5)
  A bat zombie (D:6)
  18 goblins
  22 hobgoblins
  13 kobolds
  8 quokkas
  3 ball pythons
  12 bats
  4 giant newts
  2 giant spores
  26 jackals
  2 orc skeletons (D:6)
  2 orc zombies (D:6)
  13 rats
  3 ballistomycetes (D:9)
  4 fungi
  3 toadstools (Lair:7)
926 creatures vanquished.

Vanquished Creatures (collateral kills)
  A black mamba (Lair:3)
1 creature vanquished.

Vanquished Creatures (others)
  2 dancing weapons (Elf:1)
  4 bushes (Lair:4)
  44 fungi
  15 plants
  7 toadstools (Lair:7)
72 creatures vanquished.

Grand Total: 999 creatures vanquished

Notes
Turn   | Place    | Note
--------------------------------------------------------------
     0 | D:1      | Gartch, the Spriggan Enchanter, began the quest for the Orb.
     0 | D:1      | Reached XP level 1. HP: 9/9 MP: 4/4
  1085 | D:1      | Reached XP level 2. HP: 13/13 MP: 8/8
  1089 | D:1      | Learned a level 2 spell: Ensorcelled Hibernation
  2387 | D:2      | Reached XP level 3. HP: 16/16 MP: 12/12
  2879 | D:1      | Reached skill level 5 in Spellcasting
  3239 | D:2      | Found a sparkling altar of Nemelex Xobeh.
  3433 | D:1      | Reached XP level 4. HP: 21/21 MP: 14/17
  3447 | D:2      | Learned a level 3 spell: Confuse
  3990 | D:3      | Noticed Grinder
  4164 | D:3      | Found a shattered altar of Ashenzari.
  4354 | D:4      | Reached skill level 6 in Spellcasting
  4359 | D:4      | Learned a level 3 spell: Dazzling Spray
  4498 | D:4      | Noticed a black bear
  4986 | D:3      | Reached skill level 5 in Stealth
  4986 | D:3      | Reached XP level 5. HP: 18/24 MP: 5/20
  5285 | D:4      | Noticed an ogre
  5293 | D:4      | Killed an ogre
  5314 | D:4      | Reached XP level 6. HP: 28/28 MP: 13/22
  5989 | D:4      | Reached skill level 7 in Spellcasting
  6485 | D:4      | Noticed an ogre
  6690 | D:3      | Reached skill level 8 in Spellcasting
  6690 | D:3      | Reached XP level 7. HP: 30/32 MP: 20/26
  6821 | D:4      | Killed a black bear
  6986 | D:4      | Reached skill level 9 in Spellcasting
  8180 | D:4      | Killed an ogre
  8226 | D:5      | Entered Level 5 of the Dungeon
  8226 | D:5      | Found a staircase to the Ecumenical Temple.
  8226 | D:5      | Found Hopait's Distillery.
  8508 | D:5      | Reached skill level 1 in Fighting
  8611 | Temple   | Entered the Ecumenical Temple
  8635 | Temple   | Became a worshipper of Gozag Ym Sagoz the Greedy
  8823 | D:5      | Found a deep blue altar of Sif Muna.
  8832 | D:5      | Reached XP level 8. HP: 36/38 MP: 19/28
  8919 | D:5      | Reached skill level 5 in Dodging
  9235 | D:5      | Found Ebeg's Weapon Emporium.
  9656 | D:5      | Found Igaumu's Distillery.
  9666 | D:5      | Bought a potion of heal wounds for 65 gold pieces
 10060 | D:6      | Found a sand-covered staircase.
 10074 | Ossuary  | Entered an ossuary
 10255 | D:6      | Reached skill level 10 in Stealth
 10349 | D:6      | Reached skill level 5 in Hexes
 10349 | D:6      | Reached XP level 9. HP: 42/42 MP: 29/29
 10407 | D:6      | Reached skill level 11 in Stealth
 10488 | D:6      | Found Ocucax's General Store.
 11151 | D:6      | Reached skill level 5 in Short Blades
 12415 | D:7      | Found Bloruid's Food Boutique.
 12560 | D:7      | Found a basalt altar of Yredelemnul.
 12682 | D:7      | Noticed Ijyb
 12712 | D:7      | Killed Ijyb
 12745 | D:7      | Reached skill level 12 in Stealth
 12935 | D:7      | Found a snail-covered altar of Cheibriados.
 12943 | D:7      | Found a bloodstained altar of Trog.
 12943 | D:7      | Found an iron altar of Okawaru.
 13705 | D:8      | Reached XP level 10. HP: 49/49 MP: 15/30
 13989 | D:8      | Noticed Prince Ribbit
 14008 | D:8      | Killed Prince Ribbit
 14208 | D:9      | Found a staircase to the Orcish Mines.
 15556 | D:9      | Reached skill level 5 in Fighting
 15961 | Orc:1    | Entered Level 1 of the Orcish Mines
 16011 | Orc:1    | Reached skill level 10 in Dodging
 16582 | Orc:3    | Found a staircase to the Elven Halls.
 16638 | Orc:3    | Found a white marble altar of Elyvilon.
 17219 | Orc:3    | Noticed an orc sorcerer
 17225 | Orc:3    | Killed an orc sorcerer
 17225 | Orc:3    | Reached XP level 11. HP: 55/55 MP: 31/31
 17514 | Orc:3    | Noticed an orc knight
 17523 | Orc:3    | Killed an orc knight
 17720 | Orc:4    | Entered Level 4 of the Orcish Mines
 17945 | Orc:4    | Found a roughly hewn altar of Beogh.
 18091 | Orc:4    | Found a roughly hewn altar of Beogh.
 18138 | Orc:4    | Reached skill level 10 in Hexes
 18306 | Orc:4    | Found a roughly hewn altar of Beogh.
 18318 | Orc:4    | Noticed an orc high priest
 18523 | Orc:4    | Killed an orc high priest
 18833 | Orc:4    | Reached skill level 13 in Stealth
 19025 | Orc:4    | Noticed an orc high priest
 19124 | Orc:4    | Found Qairav's Antique Weapon Boutique.
 19710 | Orc:4    | Noticed Saint Roka
 19724 | Orc:4    | Found a roughly hewn altar of Beogh.
 19883 | Orc:4    | Reached skill level 14 in Stealth
 20156 | Orc:4    | Noticed a sun demon
 20294 | Orc:4    | Found a roughly hewn altar of Beogh.
 21034 | Orc:3    | Paralysed by an orc sorcerer for 2 turns
 22248 | D:10     | Entered Level 10 of the Dungeon
 22483 | D:10     | Got an ancient lajatang
 22629 | D:10     | Found a staircase to the Lair.
 22662 | D:10     | Noticed a death yak
 22896 | D:10     | Killed a death yak
 23081 | Lair:1   | Entered Level 1 of the Lair of Beasts
 23433 | Lair:1   | Reached XP level 12. HP: 61/61 MP: 2/32
 23609 | Lair:1   | Noticed Fannar
 23703 | Lair:1   | Learned a level 3 spell: Tukima's Dance
 23967 | Lair:1   | Reached skill level 15 in Stealth
 26832 | Lair:4   | Reached skill level 10 in Short Blades
 27297 | Lair:4   | Reached skill level 16 in Stealth
 27429 | Lair:4   | Noticed an eight-headed hydra
 27931 | Lair:5   | Found a staircase to the Snake Pit.
 28340 | Lair:5   | Reached XP level 13. HP: 67/67 MP: 33/33
 29418 | Lair:6   | Found a viscous altar of Jiyva.
 29418 | Lair:6   | Found a staircase to the Slime Pits.
 30501 | Lair:6   | Reached skill level 17 in Stealth
 30770 | Lair:6   | Found a staircase to the Swamp.
 31800 | Lair:7   | Reached skill level 18 in Stealth
 32120 | Lair:7   | Noticed a dire elephant
 32583 | Lair:7   | Reached skill level 19 in Stealth
 33698 | Lair:7   | Reached skill level 20 in Stealth
 34611 | Lair:8   | Entered Level 8 of the Lair of Beasts
 34945 | Lair:8   | Reached skill level 15 in Dodging
 35066 | Lair:8   | Reached XP level 14. HP: 73/73 MP: 34/34
 35158 | Lair:8   | Learned a level 2 spell: Blink
 35161 | Lair:8   | Learned a level 2 spell: Shroud of Golubria
 35477 | Lair:8   | Reached skill level 1 in Translocations
 39066 | Lair:8   | Reached skill level 21 in Stealth
 40669 | Lair:3   | Found a staircase to the Shoals.
 41315 | Lair:4   | Killed an eight-headed hydra
 41436 | Lair:4   | Reached skill level 22 in Stealth
 41993 | Lair:7   | Killed a dire elephant
 42571 | Orc:3    | Gained mutation: You are weak. (Str -2) [a neqoxec]
 42881 | Orc:4    | Found a roughly hewn altar of Beogh.
 44238 | Orc:4    | Found a roughly hewn altar of Beogh.
 44241 | Orc:4    | Killed an orc high priest
 45182 | Elf:1    | Entered Level 1 of the Elven Halls
 45252 | Elf:1    | Found Ybaz Wucu's Book Emporium.
 45264 | Elf:1    | Reached XP level 15. HP: 79/79 MP: 22/35
 45577 | Elf:1    | Reached skill level 23 in Stealth
 46051 | Lair:2   | Learned a level 3 spell: Mephitic Cloud
 46055 | Lair:2   | Learned a level 3 spell: Conjure Flame
 46362 | Elf:1    | HP: 3/79 [deep elf fighter/arrow (14)]
 46370 | Elf:1    | Killed from afar by a deep elf mage

Action                   |  1- 3 |  4- 6 |  7- 9 | 10-12 | 13-15 || total
-------------------------+-------+-------+-------+-------+-------++-------
Melee: Dagger            |    90 |   134 |   350 |   703 |   664 ||  1941
Throw: Stone             |    67 |    93 |    37 |     8 |     3 ||   208
 Cast: Ensorcelled Hiber |    26 |    88 |    79 |   246 |   157 ||   596
       Confuse           |       |       |    53 |    99 |    14 ||   166
       Dazzling Spray    |       |       |    33 |   185 |   421 ||   639
       Shroud of Golubri |       |       |       |       |     7 ||     7
       Blink             |       |       |       |       |     4 ||     4
       Tukima's Dance    |       |       |       |       |     4 ||     4
  Use: Scroll            |       |     4 |     8 |     7 |    15 ||    34
       Potion            |       |       |       |       |     4 ||     4
 Stab: Sleeping          |    14 |    48 |    87 |   228 |   170 ||   547
       Confused          |       |       |    22 |    36 |     2 ||    60
       Distracted        |       |       |     2 |     2 |     1 ||     5
       Invisible         |       |       |     3 |    49 |   121 ||   173
       Petrified         |       |       |       |       |     3 ||     3
       Petrifying        |       |       |       |       |     1 ||     1
  Eat: Bread ration      |       |     1 |     1 |     2 |     1 ||     5
       Fruit             |       |       |       |       |    11 ||    11
       Pizza             |       |       |       |       |     1 ||     1
